 Dungeon Crawl Stone Soup version 0.20-a0-823-gdec668e (webtiles) character file.

346575 Laphicet the Crack Shot (level 23, -9/173 HPs)
             Began as a Formicid Fighter on Mar 5, 2017.
             Was a Priest of Cheibriados.
             Mangled by a vault warden
             ... wielding a +1 dire flail of protection
              (16 damage)
             ... on level 4 of the Vaults.
             The game lasted 01:51:18 (44011 turns).

Laphicet the Crack Shot (Formicid Fighter)         Turns: 44011, Time: 01:51:18

Health: -9/173     AC: 25    Str: 32    XL:     23   Next: 13%
Magic:  18/32      EV: 14    Int: 26    God:    Cheibriados [***...]
Gold:   2519       SH: 15    Dex: 25    Spells: 16/22 levels left

rFire    + . .     SeeInvis +   z - +8 longbow of Atafir {flame, +Fly rElec Dex-3}
rCold    . . .     Gourm    .   J - +5 chain mail of Boiling Hail {Str+2 Dex+4 Stlth+}
rNeg     . . .     Faith    .   c - +0 shield
rPois    +         Spirit   .   (helmet unavailable)
rElec    +         Reflect  .   I - +2 cloak
rCorr    .         Harm     .   M - +2 pair of gloves {Dex+3}
MR       +++..                  q - +1 pair of boots
Stlth    ..........             A - amulet of regeneration
Regen    0.8/turn               U - ring of Lonium {rPois rF+ Int+2}
MPRegen  0.3/turn               b - ring of protection from magic

@: studying Earth Magic, invisible, very slow
A: permanent stasis, dig shafts and tunnels, four strong arms, antennae 3, thin
skeletal structure 1, blurry vision 1, electricity resistance
}: 2/15 runes: serpentine, barnacled
a: Dig, Shaft Self, Bend Time, Temporal Distortion, Renounce Religion, Evoke
Flight


You were on level 4 of the Vaults.
You worshipped Cheibriados.
Cheibriados was most pleased with you.
You were full.

You visited 8 branches of the dungeon, and saw 38 of its levels.
You also visited: Labyrinth.

You collected 4606 gold pieces.
You spent 2087 gold pieces at shops.

Inventory:

Hand Weapons
 z - the +8 longbow of Atafir (weapon) {flame, +Fly rElec Dex-3}
   (You bought it in a shop on level 10 of the Dungeon)

   It causes projectiles fired from it to burn those they strike, causing extra
   injury to most foes and up to half again as much damage against particularly
   susceptible opponents.
   It affects your dexterity (-3).
   It insulates you from electricity.
   It lets you fly.
 D - the +12 glaive of Prune {chop}
   (You found it on level 13 of the Dungeon)

   It inflicts extra damage upon your enemies.
 P - the +8 trident of the Octopus King {venom, rElec rPois MR+}
   (You took it off a deep elf demonologist on level 3 of the Elven Halls)

   It poisons the flesh of those it strikes.
   It insulates you from electricity.
   It protects you from poison.
   It affects your resistance to hostile enchantments.
Missiles
 t - 19 throwing nets
 H - 1203 arrows (quivered)
 O - 301 bolts
Armour
 c - a +0 shield (worn)
 q - a +1 pair of boots (worn)
 I - a +2 cloak (worn)
 J - the +5 chain mail of Boiling Hail (worn) {Str+2 Dex+4 Stlth+}
   (You found it on level 8 of the Dungeon)

   It affects your strength (+2).
   It affects your dexterity (+4).
   It makes you more stealthy.
 M - a +2 pair of gloves of dexterity (worn)
Jewellery
 b - a ring of protection from magic (left hand)
 g - an uncursed ring of flight
 k - an uncursed ring of protection from fire
 y - an uncursed ring of resist corrosion
 A - an amulet of regeneration (around neck)
 L - an uncursed ring of protection from cold
 U - the ring of Lonium (right hand) {rPois rF+ Int+2}
   (You took it off a minotaur in a labyrinth)

   [ring of poison resistance]

   It affects your intelligence (+2).
   It protects you from fire.
   It protects you from poison.
 W - the ring "Qichaith" {rN+ Str+2 Stlth+}
   (You found it on level 5 of the Lair of Beasts)

   [ring of positive energy]

   It affects your strength (+2).
   It protects you from negative energy.
   It makes you more stealthy.
Wands
 Q - a wand of acid (6/15)
 X - a wand of digging (14/24)
Scrolls
 e - 7 scrolls of amnesia
 i - 16 scrolls of remove curse
 u - 3 scrolls of magic mapping
 x - 8 scrolls of recharging
 B - 5 scrolls of immolation
 K - 6 scrolls of holy word
 R - a scroll of enchant weapon
 S - 5 scrolls of fog
Potions
 d - 4 potions of ambrosia
 h - 2 potions of agility
 j - 6 potions of lignification
 m - 9 potions of curing
 o - 5 potions of might
 s - 4 potions of flight
 C - a potion of invisibility
 N - a potion of resistance
 Y - 2 potions of brilliance
Books
 a - a book of Power

   Spells                             Type                      Level
   a - Iskenderun's Battlesphere      Conjuration/Charms           5
   b - Venom Bolt                     Conjuration/Poison           5
   c - Bolt of Magma                  Conjuration/Fire/Earth       5
   d - Iron Shot                      Conjuration/Earth            6
   e - Orb of Destruction             Conjuration                  7
   f - Spellforged Servitor           Conjuration/Summoning        7
 w - a manual of Earth Magic
Comestibles
 f - 20 bread rations
 n - 13 royal jellies
 E - 42 fruits
 F - 11 meat rations


   Skills:
 - Level 12.3 Fighting
   Level 8.6 Long Blades
   Level 3.5(12.4) Axes
 + Level 17.8(17.9) Polearms
 - Level 21.5 Bows
 - Level 9.7 Armour
 - Level 5.1 Dodging
 - Level 10.9 Shields
 - Level 12.0 Invocations


You had 16 spell levels left.
You knew the following spells:

 Your Spells              Type           Power        Failure   Level  Hunger
s - Statue Form           Tmut/Erth      #........    100%        6    #######


Dungeon Overview and Level Annotations

Branches:
Dungeon (15/15)            Temple (1/1) D:5            Lair (6/6) D:10
 Shoals (4/4) Lair:2        Snake (4/4) Lair:4        Slime (0/5) Lair:5
    Orc (2/2) D:10            Elf (3/3) Orc:2        Vaults (2/5) D:13
 Depths (0/5) D:15
  Crypt: Vaults:2-3

Altars:
Ashenzari
Cheibriados
Dithmenos
Elyvilon
Fedhas
Gozag
Hepliaklqana
Kikubaaqudgha
Makhleb
Nemelex Xobeh
Okawaru
Qazlal
Ru
Sif Muna
Trog
Uskayaw
Vehumet
Wu Jian
Xom
Yredelemnul
Zin
The Shining One
Lugonu

Shops:
D:10 (   D:13 [   Orc:2 !:[}   Elf:3 :   Shoals:3 *

Portals:
Abyss: Elf:1


Innate Abilities, Weirdness & Mutations

You cannot be hasted, slowed, berserked, paralysed or teleported.
You can dig through walls and to a lower floor.
Your four strong arms can wield two-handed weapons with a shield.
You have a pair of large antennae on your head. (SInv)
You have a somewhat thin skeletal structure. (Dex +2, Stealth)
Scrolls take you a little longer to read.
You are resistant to electric shocks. (rElec)


Message History

* * * LOW HITPOINT WARNING * * *
You can feel time thicken for a moment.
You destroy the shadow wraith!
Cheibriados appreciates the change of pace.
You feel somewhat less full.
You can no longer inflict damage on those overly hasty.
Cheibriados lowers the support of your attributes as your movement quickens.
You block the ironbrand convoker's attack.
You block the vault warden's attack.
The freezing wraith hits you but does no damage.
The freezing wraith closely misses you. You block the stone giant's attack.
Unknown command.
Okay, then.
Unknown command.
You fade into invisibility!
The ironbrand convoker hits you with a great mace!
* * * LOW HITPOINT WARNING * * *
You block the freezing wraith's attack. x2
The vault warden hits you with a dire flail of protection!
You die...

#+######+########
(..%(pp@.........
......WCp........
......o).........
.................
.................
###+#############


You could see a stone giant, a vault warden, an orc knight, 2 ironbrand
convokers and a freezing wraith.

Vanquished Creatures
  Saint Roka (Snake:2)
  Vashnia (Snake:4)
  5 deep elf blademasters
  Rupert (Lair:3)
  A lich (Vaults:2)
  2 deep elf master archers (Elf:3)
  A kraken (Shoals:2)
  Polyphemus (Shoals:3)
  2 tengu reavers
  Ilsuiw (Shoals:4)
  Donald (Elf:3)
  11 nagarajas
  A fire giant (D:15)
  2 vault wardens
  3 deep elf sorcerers
  2 deep elf elementalists
  A war gargoyle (D:15)
  2 ironheart preservers (Vaults:4)
  4 deep elf demonologists (Elf:3)
  A dire elephant (Lair:6)
  7 deep elf death magi
  6 deep elf annihilators
  An ettin (D:15)
  6 merfolk impalers
  4 merfolk javelineers (Shoals:4)
  A minotaur (Lab)
  4 deep elf high priests
  A great orb of eyes (D:15)
  An ice dragon (D:15)
  16 naga warriors
  2 fire dragons
  7 vault guards
  3 yaktaur captains
  4 catoblepae
  6 hydras
  17 anacondas
  7 ogre magi
  22 dancing weapons
  8 satyrs
  25 two-headed ogres
  15 centaur warriors
  10 death yaks
  3 merfolk avatars
  4 merfolk aquamancers
  A deep troll shaman (Lair:6)
  An orc high priest (Elf:1)
  7 shock serpents
  4 tengu warriors
  8 naga sharpshooters
  19 deep elf knights
  A hell knight (D:15)
  5 skeletal warriors
  2 salamander mystics (Snake:4)
  A shadow wraith (Vaults:4)
  3 unseen horrors
  An unseen horror (shapeshifter) (D:15)
  22 sea snakes
  A flayed ghost (D:15)
  7 wizards
  A deep troll (D:15)
  Pikel (D:5)
  13 deep elf archers
  7 naga ritualists
  An ironbrand convoker (Vaults:2)
  5 necromancers
  A large abomination (Elf:1)
  A wolf spider zombie (D:15)
  10 mana vipers
  11 harpies
  3 orc sorcerers
  5 oklob plants
  6 orc knights
  4 wolf spiders
  36 fauns
  8 salamanders
  A salamander (shapeshifter) (D:14)
  11 manticores
  64 deep elf magi
  9 ugly things
  The ghost of PeterLawrence the Poker, a novice GrFi of Okawaru (D:6)
  7 cyclopes
  5 centaur zombies
  35 black mambas
  Joseph (D:6)
  16 merfolk sirens
  17 elephants
  Maurice (D:8)
  6 guardian serpents
  16 naga magi
  3 water nymphs
  Psyche (D:10)
  5 gargoyles
  3 vault sentinels
  A torpor snail (Lair:6)
  A freezing wraith (D:14)
  13 spiny frogs
  9 komodo dragons
  7 kobold demonologists
  2 efreet (D:15)
  5 yaktaurs
  2 rime drakes
  A meliai (shapeshifter) (Vaults:2)
  3 meliai (D:15)
  A hornet (D:12)
  30 merfolk
  4 tengu conjurers
  3 polar bears (Lair:6)
  13 trolls
  A queen bee (shapeshifter) (Elf:2)
  3 wind drakes
  3 slime creatures
  21 blink frogs
  6 snapping turtles
  12 dream sheep
  7 hippogriffs
  A meliai zombie (D:10)
  2 centaur simulacra (D:15)
  6 shadows
  A vampire (D:11)
  6 air elementals
  2 redbacks (Lab)
  2 wraiths
  8 water elementals
  18 humans
  The ghost of nikopol the Poker, an amateur MiBe of Trog (D:3)
  3 wyverns
  3 fire elementals
  Eustachio (D:6)
  8 basilisks
  33 yaks
  7 hungry ghosts
  A steam dragon (D:11)
  3 vampire mosquitoes (D:15)
  50 nagas
  Edmund (D:5)
  A naga (shapeshifter) (D:15)
  2 acid dragons (D:13)
  Menkaure (D:6)
  6 wargs
  17 water moccasins
  Duvessa (D:6)
  11 porcupines
  13 ice beasts
  2 black bears
  2 eyes of draining
  A necrophage (D:6)
  38 orc warriors
  2 phantoms
  8 sky beasts
  A boggart (Vaults:1)
  10 wolves
  36 ogres
  25 centaurs
  17 crocodiles
  8 big kobolds
  3 elf zombies (Elf:1)
  Blork the orc (D:6)
  3 earth elementals
  2 gnoll sergeants
  15 bullfrogs
  A wyvern zombie (D:9)
  Dowan (D:6)
  A scorpion (shapeshifter) (Elf:3)
  8 scorpions
  6 killer bees
  11 wights
  8 howler monkeys
  A troll skeleton (Lab)
  2 bullfrog zombies
  8 crimson imps
  7 hounds
  8 jellies
  2 quasits
  25 orc priests
  5 bullfrog skeletons
  6 centaur skeletons
  2 gnoll shamans
  4 hell rats (Lair:2)
  13 worker ants
  9 iguanas
  29 orc wizards
  An ogre skeleton (Lab)
  A human simulacrum (D:11)
  A hound skeleton (D:5)
  A worker ant zombie (D:11)
  Robin (D:2)
  17 gnolls
  A howler monkey skeleton (D:7)
  12 adders
  3 shadow imps
  8 oozes
  3 worms
  2 dart slugs (D:1)
  7 leopard geckos
  103 orcs
  5 bats
  7 giant cockroaches
  21 goblins
  9 hobgoblins
  18 jackals
  35 kobolds
  5 quokkas
  5 frilled lizards
  A leopard gecko zombie (D:6)
  A quokka zombie (D:5)
  10 rats
  3 crawling corpses (Elf:2)
  A fungus (Lair:3)
  2 plants
  A tentacle (Shoals:2)
1595 creatures vanquished.

Vanquished Creatures (others)
  A gargoyle (D:11)
  A naga (Snake:4)
  3 slaves (D:5)
  A centaur (D:15)
  2 centaur skeletons
  2 iguanas
  A human simulacrum (D:11)
  A hound skeleton (D:11)
  3 orcs (D:5)
  9 fungi
  99 plants
  3 tentacles (Shoals:2)
126 creatures vanquished.

Grand Total: 1721 creatures vanquished

Notes
Turn   | Place    | Note
-------+----------+-------------------------------------------
     0 | D:1      | Laphicet the Formicid Fighter began the quest for the Orb.
     0 | D:1      | Reached XP level 1. HP: 18/18 MP: 1/1
    49 | D:1      | Reached XP level 2. HP: 18/24 MP: 2/2
   470 | D:1      | Reached XP level 3. HP: 17/30 MP: 3/3
  1234 | D:2      | Found a sparkling altar of Nemelex Xobeh.
  1318 | D:2      | Reached XP level 4. HP: 36/37 MP: 4/4
  1322 | D:2      | Reached skill level 1 in Dodging
  1360 | D:2      | Noticed Robin
  1566 | D:2      | Killed Robin
  1946 | D:2      | Reached XP level 5. HP: 42/42 MP: 5/5
  2388 | D:3      | Noticed nikopol's ghost (amateur MiBe)
  2449 | D:3      | Killed nikopol's ghost
  2449 | D:3      | Reached XP level 6. HP: 39/49 MP: 6/6
  2599 | D:3      | Found a faded altar of an unknown god.
  2599 | D:3      | Found a shimmering altar of Xom.
  2617 | D:3      | Found a glowing silver altar of Zin.
  2620 | D:3      | Found a glowing golden altar of the Shining One.
  2623 | D:3      | Found a faded altar of an unknown god.
  3235 | D:3      | Found a bloodstained altar of Trog.
  3427 | D:3      | Reached skill level 5 in Shields
  3669 | D:3      | Reached XP level 7. HP: 43/55 MP: 7/7
  3840 | D:4      | Reached skill level 5 in Fighting
  3855 | D:4      | Reached skill level 5 in Armour
  4457 | D:4      | Reached skill level 1 in Long Blades
  5177 | D:4      | Reached XP level 8. HP: 37/62 MP: 8/8
  5744 | D:5      | Entered Level 5 of the Dungeon
  5788 | D:5      | Noticed Pikel
  5850 | D:5      | Killed Pikel
  5865 | D:5      | Reached XP level 9. HP: 53/69 MP: 9/9
  5911 | D:5      | Noticed Edmund
  5935 | D:5      | Killed Edmund
  5935 | D:5      | Reached skill level 5 in Long Blades
  6255 | D:5      | Found a staircase to the Ecumenical Temple.
  6303 | Temple   | Entered the Ecumenical Temple
  6408 | Temple   | Became a worshipper of Cheibriados the Contemplative
  6466 | D:5      | Reached skill level 1 in Invocations
  6623 | D:5      | Found a deep blue altar of Sif Muna.
  6808 | D:6      | Noticed PeterLawrence's ghost (novice GrFi)
  6862 | D:6      | Noticed Blork the orc
  6877 | D:6      | Killed Blork the orc
  6995 | D:6      | Noticed Eustachio
  7029 | D:6      | Killed Eustachio
  7156 | D:6      | Noticed Menkaure
  7160 | D:6      | Killed Menkaure
  7165 | D:6      | Noticed Dowan
  7167 | D:6      | Noticed Duvessa
  7194 | D:6      | Killed Duvessa
  7194 | D:6      | Reached * piety under Cheibriados
  7200 | D:6      | Killed Dowan
  7446 | D:6      | Killed PeterLawrence's ghost
  7446 | D:6      | Reached XP level 10. HP: 42/79 MP: 11/13
  8061 | D:7      | Noticed Joseph
  8844 | D:6      | Reached ** piety under Cheibriados
  9201 | D:7      | You fall through a shaft for 3 floors!
  9201 | D:10     | Entered Level 10 of the Dungeon
  9391 | D:9      | Reached skill level 5 in Invocations
  9409 | D:9      | Reached skill level 1 in Bows
  9876 | D:8      | Noticed Maurice
  9916 | D:8      | Killed Maurice
 10033 | D:8      | You fall through a shaft!
 10161 | D:9      | Reached *** piety under Cheibriados
 10319 | D:8      | Noticed a two-headed ogre
 10340 | D:8      | Killed a two-headed ogre
 10340 | D:8      | Reached skill level 2 in Bows
 10340 | D:8      | Reached XP level 11. HP: 46/87 MP: 9/15
 10539 | D:8      | Got a distressingly furry chain mail
 10550 | D:8      | Identified the +5 chain mail of Boiling Hail {Str+2 Dex+4 Stlth+} (You found it on level 8 of the Dungeon)
 11358 | D:6      | Killed Joseph
 11439 | D:7      | Reached **** piety under Cheibriados
 11844 | D:9      | Reached skill level 3 in Bows
 11949 | D:9      | You fall through a shaft for 2 floors!
 11953 | D:11     | Noticed an unseen horror
 11990 | D:11     | Killed an unseen horror
 12133 | D:11     | Noticed a two-headed ogre
 12152 | D:11     | Killed a two-headed ogre
 12263 | D:11     | Reached skill level 10 in Shields
 12695 | D:11     | Reached ***** piety under Cheibriados
 12741 | D:11     | Reached XP level 12. HP: 95/95 MP: 11/17
 12765 | D:11     | Reached skill level 4 in Bows
 13287 | D:10     | Noticed a two-headed ogre
 13297 | D:10     | Killed a two-headed ogre
 13525 | D:10     | Noticed Psyche
 13536 | D:10     | Killed Psyche
 13635 | D:10     | Noticed a two-headed ogre
 13647 | D:10     | Killed a two-headed ogre
 13881 | D:10     | You fall through a shaft!
 15410 | D:10     | Found a staircase to the Orcish Mines.
 15419 | Orc:1    | Entered Level 1 of the Orcish Mines
 15436 | D:10     | Gained mutation: Scrolls take you a little longer to read. [potion of mutation]
 15436 | D:10     | Gained mutation: You have a somewhat thin skeletal structure. (Dex +2, Stealth) [potion of mutation]
 15436 | D:10     | Gained mutation: You are resistant to electric shocks. (rElec) [potion of mutation]
 15657 | D:10     | Found Qaschya's Antique Weapon Boutique.
 15662 | D:10     | Bought a translucent arbalest for 161 gold pieces
 15662 | D:10     | Bought a faintly glowing longbow for 161 gold pieces
 15663 | D:10     | Identified the +8 longbow of Atafir {flame, +Fly rElec Dex-3} (You bought it in a shop on level 10 of the Dungeon)
 15664 | D:10     | Identified the +8 arbalest of the Puffin {flame, MP+9} (You bought it in a shop on level 10 of the Dungeon)
 15739 | D:10     | Found a staircase to the Lair.
 15896 | Lair:1   | Entered Level 1 of the Lair of Beasts
 15962 | Lair:1   | Reached skill level 10 in Fighting
 15962 | Lair:1   | Reached skill level 5 in Dodging
 15975 | Lair:1   | Reached skill level 5 in Bows
 16137 | Lair:1   | Reached XP level 13. HP: 87/103 MP: 19/19
 16482 | Lair:1   | Noticed a six-headed hydra
 16491 | Lair:1   | Killed a two-headed hydra
 16618 | Lair:1   | Reached skill level 6 in Bows
 17759 | Lair:2   | Reached skill level 7 in Bows
 17948 | Lair:2   | Found a staircase to the Shoals.
 18190 | Lair:3   | Found a frozen archway.
 18270 | Lair:3   | Found a labyrinth entrance.
 18281 | Lab      | Entered a labyrinth
 18414 | Lab      | Reached skill level 10 in Invocations
 19078 | Lab      | Noticed a minotaur
 19082 | Lab      | Killed a minotaur
 19086 | Lab      | Got a heavily runed silver ring
 19091 | Lab      | Identified the ring of Lonium {rPois rF+ Int+2} (You took it off a minotaur in a labyrinth)
 19104 | Lab      | Identified Sif Muna's Almanac of Gliding Evil Rituals
 19112 | Lab      | Got a crude jade ring
 19117 | Lab      | Identified the ring "Bisunos" {*Tele rF+} (You found it in a labyrinth)
 19212 | Lair:3   | Noticed Rupert
 19221 | Lair:3   | Killed Rupert
 19221 | Lair:3   | Reached skill level 8 in Bows
 19432 | Lair:3   | Noticed a six-headed hydra
 19435 | Lair:3   | Killed a six-headed hydra
 19435 | Lair:3   | Reached XP level 14. HP: 113/113 MP: 21/21
 20351 | Lair:4   | Found a staircase to the Snake Pit.
 20404 | Lair:4   | Reached ****** piety under Cheibriados
 20408 | Lair:4   | Reached skill level 9 in Bows
 21321 | Lair:5   | Got a smoking steel ring
 21403 | Lair:5   | Identified the ring "Qichaith" {rN+ Str+2 Stlth+} (You found it on level 5 of the Lair of Beasts)
 21510 | Lair:5   | Found a staircase to the Slime Pits.
 21821 | Lair:6   | Entered Level 6 of the Lair of Beasts
 21856 | Lair:6   | Reached skill level 10 in Bows
 22136 | Lair:6   | Reached XP level 15. HP: 62/122 MP: 1/24
 22284 | Lair:6   | Reached skill level 11 in Bows
 22773 | Lair:6   | Reached skill level 12 in Bows
 23796 | Orc:1    | Found a bloodstained altar of Trog.
 24138 | Orc:2    | Entered Level 2 of the Orcish Mines
 24561 | Orc:2    | Found a staircase to the Elven Halls.
 24833 | Orc:2    | Reached skill level 13 in Bows
 24868 | Orc:2    | Reached XP level 16. HP: 126/128 MP: 25/25
 24931 | Orc:2    | Found Ceiromei's Distillery.
 24931 | Orc:2    | Found Totwessi's Book Boutique.
 24933 | Orc:2    | Found Nenupp's Armour Boutique.
 24933 | Orc:2    | Found Ahaiwn's Gadget Emporium.
 24981 | Orc:2    | Bought a +1 pair of gloves of dexterity for 264 gold pieces
 24996 | Orc:2    | Bought a book of Transfigurations for 935 gold pieces
 25003 | Orc:2    | Learned a level 6 spell: Statue Form
 25254 | Elf:1    | Entered Level 1 of the Elven Halls
 25269 | Orc:2    | Reached skill level 14 in Bows
 25611 | Elf:1    | Found a shimmering altar of Xom.
 25867 | Elf:1    | Reached skill level 15 in Bows
 25913 | Elf:1    | Identified the Guide on Darkness
 26186 | Elf:1    | Found a corrupted altar of Lugonu.
 26211 | Elf:1    | Found a one-way gate to the infinite horrors of the Abyss.
 27011 | D:12     | Found a hide-covered altar of Uskayaw.
 27404 | D:13     | Found Ustrouc's Antique Armour Shop.
 27413 | D:13     | Bought a pair of boots for 175 gold pieces
 27465 | D:13     | Reached XP level 17. HP: 134/134 MP: 26/26
 27640 | D:13     | Reached skill level 16 in Bows
 27775 | D:13     | Found a gate to the Vaults.
 28987 | D:15     | Entered Level 15 of the Dungeon
 29033 | D:15     | Reached skill level 17 in Bows
 29158 | D:15     | Found an opulent altar of Gozag.
 29159 | D:15     | Found a hazy altar of Hepliaklqana.
 29316 | D:15     | Found a staircase to the Depths.
 29382 | D:15     | Found a deep blue altar of Sif Muna.
 29605 | D:15     | Reached XP level 18. HP: 136/141 MP: 27/27
 29998 | D:15     | Reached skill level 18 in Bows
 30124 | D:15     | Identified The Papyrus of Greatest Risks and Utility
 31488 | Elf:2    | Reached skill level 19 in Bows
 31732 | Elf:2    | Found a huge runed gate.
 31732 | Elf:2    | Found a huge runed gate.
 31732 | Elf:2    | Found a huge runed gate.
 31732 | Elf:2    | Found a huge runed gate.
 31736 | Elf:2    | Found a huge runed gate.
 32271 | Snake:1  | Entered Level 1 of the Snake Pit
 32989 | Snake:2  | Reached XP level 19. HP: 147/147 MP: 28/28
 33130 | Snake:2  | Noticed Saint Roka
 33145 | Snake:2  | Killed Saint Roka
 34147 | Snake:3  | Reached skill level 20 in Bows
 34626 | Snake:4  | Entered Level 4 of the Snake Pit
 35310 | Snake:4  | Reached XP level 20. HP: 154/154 MP: 29/29
 35343 | Snake:4  | Reached skill level 21 in Bows
 35519 | Snake:4  | Got a serpentine rune of Zot
 35775 | Snake:4  | Noticed Vashnia
 35821 | Snake:4  | Killed Vashnia
 36002 | Snake:4  | Reached skill level 1 in Polearms
 36576 | Shoals:1 | Entered Level 1 of the Shoals
 36790 | Shoals:1 | Reached skill level 5 in Polearms
 37966 | Shoals:3 | Got a scorched helmet
 37969 | Shoals:3 | Identified the cursed +0 helmet of the Komodo Dragon {rC+} (You found it on level 3 of the Shoals)
 37986 | Shoals:3 | Reached XP level 21. HP: 160/160 MP: 30/30
 38350 | Shoals:3 | Found Foofot's Assorted Antiques.
 38360 | Shoals:3 | Bought a metal-bound book for 255 gold pieces
 38360 | Shoals:3 | Bought a potion of curing for 51 gold pieces
 38360 | Shoals:3 | Bought a twisted sapphire amulet for 85 gold pieces
 38401 | Shoals:3 | Noticed Polyphemus
 38444 | Shoals:3 | Reached skill level 10 in Polearms
 38751 | Shoals:3 | Killed Polyphemus
 38826 | Shoals:4 | Entered Level 4 of the Shoals
 39081 | Shoals:4 | Noticed Ilsuiw
 39114 | Shoals:4 | Killed Ilsuiw
 39290 | Shoals:4 | Got a jewelled falchion {elec}
 39293 | Shoals:4 | Identified the +6 falchion "Locyte" {elec, rF+ Int+3 Dex+2} (You took it off Ilsuiw on level 4 of the Shoals)
 39426 | Shoals:4 | Got a barnacled rune of Zot
 39675 | Shoals:4 | Got a slimy diamond amulet
 39678 | Shoals:4 | Identified the amulet "Kawix" {Harm *Drain Fragile +Inv MR+ Int+2} (You found it on level 4 of the Shoals)
 40673 | Elf:2    | Reached XP level 22. HP: 167/167 MP: 31/31
 41015 | Elf:3    | Entered Level 3 of the Elven Halls
 41272 | Elf:3    | Noticed Donald
 41275 | Elf:3    | Killed Donald
 41360 | Elf:3    | Found Ufelueme's One-of-a-Kind Books.
 41387 | Elf:3    | Found a radiant altar of Vehumet.
 41576 | Elf:3    | Reached skill level 15 in Polearms
 42425 | Elf:3    | Got a faintly glowing ring mail
 42428 | Elf:3    | Identified the cursed +0 ring mail "Yrun" {-Tele rElec Slay+2 SInv} (You found it on level 3 of the Elven Halls)
 42458 | Elf:3    | Got a translucent scale mail
 42461 | Elf:3    | Identified the cursed +0 scale mail of Mouc {rElec rC+} (You found it on level 3 of the Elven Halls)
 42803 | Elf:3    | Got an ancient battleaxe {flame}
 42806 | Elf:3    | Identified the +0 battleaxe "Worm's Wrath" {flame, *Rage rPois Int+8} (You took it off a deep elf mage on level 3 of the Elven Halls)
 42810 | Elf:3    | Got a brightly glowing mace {freeze}
 42813 | Elf:3    | Identified the +11 mace "Athrall" {freeze, Dex+3} (You took it off a deep elf mage on level 3 of the Elven Halls)
 43112 | Vaults:1 | Entered Level 1 of the Vaults
 43286 | Vaults:1 | You fall through a shaft!
 43624 | Vaults:2 | Reached XP level 23. HP: 162/173 MP: 32/32
 43632 | Vaults:2 | Found a radiant altar of Vehumet.
 43824 | Vaults:2 | Got a smoking robe
 43827 | Vaults:2 | Got a jewelled hat
 43840 | Vaults:2 | Identified the cursed +1 robe "Puhewuel" {rF+ Stlth+} (You found it on level 2 of the Vaults)
 43940 | Vaults:2 | You fall through a shaft for 2 floors!
 44011 | Vaults:4 | HP: 7/173 [ironbrand convoker/great mace (16)]
 44011 | Vaults:4 | Mangled by a vault warden

Vault maps used:
D:1:      lightli_arrival_lavapool
D:2:      nemelex_lonely_heart_becter, uniq_robin
D:3:      lemuel_round_altar, chequers_temple_overflow_minitemple,
          serial_corexii_hall, corexii_hall_statues_x, corexii_hall_statues_t
D:5:      minmay_temple_entry_statues_pillars, first_bread, basic_altar,
          uniq_edmund, uniq_pikel
D:6:      serial_bayou_crossing, uniq_duvessa, uniq_blork_the_orc,
          uniq_eustachio, uniq_menkaure
D:7:      uniq_joseph
D:8:      uniq_maurice
D:10:     david_lair_shrubbed, david_orc_4, serial_shops, kennysheep_little_box,
          uniq_psyche
D:11:     blue_anna_alchemist, st_stairs_12, bh_circular_ruins
D:12:     basic_altar
D:13:     grunt_vaults_entry_tiered, serial_shops, nicolae_shop_stone,
          minmay_guarded_unrand_prune
D:14:     minmay_curly_fans, abandoned_shop
D:15:     hangedman_slaughterboxes
Temple:   hc_temple_tempest_star
Lair:1:   minmay_lair_oklob_chamber, grunt_megastairs_3
Lair:2:   elwin_shoals_entry_rooms
Lair:3:   portal_ice_cave_entry_ice_beasts, lab_entry_generic, uniq_rupert
Lair:4:   dummy_snake_entry, grunt_forest_stairs_basic, serial_bayou_shore_a
Lair:5:   nicolae_slime_entry_slimehenge, grunt_megastairs_5
Lair:6:   grunt_lair_end_beastmaster, grunt_megastairs_2
Shoals:3: serial_shops, shop, uniq_polyphemus
Shoals:4: shoals_end_grunt_garden, shoals_ilsuiw_ice
Snake:2:  lemuel_fruit_tree, uniq_saint_roka
Snake:4:  grunt_snake_rune_pools, uniq_vashnia
Orc:1:    trog_hazing_becter
Orc:2:    st_orc_ogre_mass
Elf:1:    due_chaos_kobolds, basic_altar, minmay_elf_necromancy
Elf:3:    minmay_elf_hall_circle, basic_altar, hangedman_elf_power_crystal,
          nicolae_rare_books, uniq_donald
Vaults:1: nicolae_vaults_network_quincunx, nicolae_vaults_minivaults,
          ontoclasm_vaults_misaligned, v_rooms_4,
          vaults_room_grunt_arrival_checkpoint, v_misc_25,
          vaults_mumra_minichess_inversion, vaults_standard_mumra_x,
          vaults_dpeg_cross, hangedman_vaults_nodes, ontoclasm_vaults_gateway,
          serial_shops, shop_statue
Vaults:2: v_rooms_3, v_rooms_5, nicolae_vaults_mini_display_case,
          grunt_tower_of_power, vaults_mumra_minichess,
          nicolae_vaults_little_ls, grunt_vaults_twisty,
          vaults_standard_mumra_lines, ontoclasm_vaults_tryst,
          vaults_room_door_ring, serial_ice_b, vaults_dpeg_ring, serial_shops,
          shop
Vaults:4: vaults_room_semicircle, nicolae_vaults_angled_halls,
          nicolae_vaults_sealed_display, v_misc_22, hangedman_vaults_cutoff,
          hangedman_vaults_restitches, ontoclasm_vaults_ring_square,
          grunt_vaults_trifunnel, kb_rosetta, vaults_mumra_hexcomb,
          grunt_vaults_hallway_long, nicolae_vaults_little_squares_2,
          serial_shops, shop_coins, nicolae_shop_window_shopping, shop, shop,
          shop, portal_desolation_entry_garden
Lab:      nicolae_lab_dead_adventurers, labyrinth_fake_exit, nicolae_lab_x,
          nicolae_lab_plus, nicolae_lab_big_swirl, nicolae_lab_do_over,
          nicolae_lab_diamond, nicolae_lab_checkerboard, nicolae_lab_statue

Skill      XL: |  1  2  3  4  5  6  7  8  9 10 11 12 13 14 15 16 17 18 19 20 21 22 |
---------------+-------------------------------------------------------------------+-----
Dodging        | 1 2 3 5 |  5.1
Fighting       | 4 5 6 7 8 9 10 11 12 | 12.3
Shields        | 4 5 6 8 9 10 | 10.9
Armour         | 4 5 6 7 8 9 |  9.7
Axes           | 3 |  3.5
Long Blades    | 2 4 6 7 8 |  8.6
Invocations    | 4 5 7 8 10 12 | 12.0
Bows           | 2 3 5 8 10 13 15 17 19 20 21 | 21.5
Polearms       | 8 13 17 | 17.8

Action                   |  1- 3 |  4- 6 |  7- 9 | 10-12 | 13-15 | 16-18 | 19-21 | 22-24 || total
-------------------------+-------+-------+-------+-------+-------+-------+-------+-------++-------
Melee: War axe           |   112 |   196 |    32 |       |       |       |       |       ||   340
       Falchion          |       |       |   481 |   938 |   111 |       |       |       ||  1530
       Great sword       |       |       |       |     4 |       |       |       |       ||     4
 Fire: Shortbow          |       |       |       |     3 |       |       |       |       ||     3
       Longbow           |       |       |       |    52 |   721 |  1079 |  1273 |   469 ||  3594
Invok: Bend Time         |       |       |       |     9 |     1 |       |     1 |       ||    11
       Slouch            |       |       |       |     6 |     4 |     5 |     9 |    13 ||    37
       Step From Time    |       |       |       |       |       |       |     1 |     2 ||     3
 Abil: Shaft Self        |       |       |       |     3 |       |       |       |     2 ||     5
       Dig               |       |       |       |       |     9 |       |     2 |     1 ||    12
Evoke: Wand              |       |       |       |    15 |       |       |       |       ||    15
  Use: Scroll            |     4 |     5 |     5 |     9 |    11 |     6 |     7 |    10 ||    57
       Potion            |       |     1 |     1 |     9 |     2 |       |    10 |     6 ||    29
 Stab: Confused          |       |       |       |     2 |       |       |       |       ||     2
  Eat: Chunk             |     1 |     8 |     9 |    19 |     4 |     2 |     3 |     3 ||    49
       Meat ration       |       |       |     1 |       |     3 |     3 |     2 |     2 ||    11
       Royal jelly       |       |       |       |       |     2 |       |       |       ||     2
Armor: Scale mail        |    30 |       |       |       |       |       |       |       ||    30
       Plate armour      |    27 |   128 |   342 |   154 |       |       |       |       ||   651
       Chain mail        |       |       |       |   204 |   155 |   161 |   157 |    55 ||   732
       Skin              |       |       |       |       |       |       |       |     6 ||     6
Dodge: Dodged            |    32 |    54 |   142 |   340 |   174 |   183 |   201 |    52 ||  1178
Block: Shield            |    61 |   107 |   291 |   695 |   312 |   366 |   354 |   119 ||  2305
       Reflection        |       |       |       |       |       |     7 |       |       ||     7
       Rpst.: Falchion   |       |       |    42 |    78 |     7 |       |       |       ||   127
       Great sword       |       |       |       |     2 |       |       |       |       ||     2
